 Dungeon Crawl Stone Soup version 0.29.1-15-g9cfb28693d (webtiles) character file.

Game seed: 17693920829554313536

60 kingofthe the Conjurer (level 4, -9/27 HPs)
             Began as an Octopode Conjurer on Mar 5, 2023.
             Killed from afar by Ijyb (10 damage)
             ... with a puff of flame
             ... on level 3 of the Dungeon.
             The game lasted 00:04:55 (2638 turns).

kingofthe the Conjurer (Octopode Conjurer)          Turns: 2638, Time: 00:04:56

Health: -9/27      AC:  1    Str:  6    XL:     4   Next: 4%
Magic:  15/17      EV: 13    Int: 20    God:
Gold:   90         SH:  0    Dex: 12    Spells: 3/9 levels left

rFire   . . .      SeeInvis .   (no weapon)
rCold   . . .      Faith    .   (no shield)
rNeg    . . .      Spirit   .   l - +0 hat
rPois   .          Reflect  .   (no amulet)
rElec   .          Harm     .   M - ring of magical power
rCorr   .          Rampage  .   (no ring)
Will    .....                   (no ring)
Stlth   +++.......              (no ring)
HPRegen 0.09/turn               (no ring)
MPRegen 0.15/turn               (no ring)
                                (no ring)
                                (no ring)

@: no status effects
A: almost no armour, amphibious, 8 rings, camouflage 1, gelatinous body 1,
(nimble swimmer 1), tentacles
a: no special abilities


You were on level 3 of the Dungeon.
You visited 1 branch of the dungeon, and saw 3 of its levels.

You collected 90 gold pieces.


Innate Abilities, Weirdness & Mutations

You cannot wear most types of armour.
You are amphibious.
You can wear up to eight rings at the same time.
Your skin changes colour to match your surroundings (Stealth+).
Your rubbery body absorbs attacks. (AC +1, EV +1)
((You are camouflaged when in or above water. (Stealth+)))
You have tentacles for arms and can constrict up to eight enemies at once.


   Skills:
 * Level 2.4 Dodging
 + Level 3.1 Stealth
 * Level 3.2 Spellcasting
 * Level 4.2 Conjurations
 + Level 0.4 Poison Magic


You had 3 spell levels left.
You knew the following spells:

 Your Spells              Type           Power      Damage    Failure   Level
a - Magic Dart            Conj           80%        1d7       2%          1
b - Searing Ray           Conj           40%        2d5       3%          2
c - Mephitic Cloud        Conj/Pois/Air  9%         N/A       22%         3

Your spell library contained the following spells:

 Spells                   Type           Power      Damage    Failure   Level
 Dazzling Flash           Conj/Hex       22%        N/A       19%         3
 Call Imp                 Summ           3%         N/A       22%         2
 Frozen Ramparts          Ice            6%         1d1       38%         3
 Fulminant Prism          Conj/Hex       5%         3d7       52%         4
 Iskenderun's Mystic Bla  Conj/Tloc      11%        2d4       52%         4
 Ice Form                 Ice/Tmut       3%         N/A       80%         4
 Summon Ice Beast         Ice/Summ       3%         N/A       80%         4

Inventory:

Armour
 l - a +0 hat (worn)
Jewellery
 M - a ring of magical power (left tentacle)
Scrolls
 e - a scroll of immolation {unknown}
 f - 4 scrolls of identify {unknown}
 h - a scroll of noise {unknown}
 i - 2 scrolls of acquirement {unknown}
 k - a scroll of amnesia {unknown}
Potions
 a - a potion of magic
 b - a potion of lignification {unknown}
 c - a potion of might {unknown}
 d - a potion of flight {unknown}
 g - a potion of invisibility {unknown}
 j - a potion of attraction {unknown}
 m - a potion of heal wounds {unknown}

Dungeon Overview and Level Annotations

Branches:
Dungeon (3/15)

Altars:
Xom

Annotations:
D:3 Grinder, Ijyb

#......#
#g# #.#
#.# #.#
#.# #.#
#.# #@#
###


You could see Ijyb.


Message History

Ijyb, a ball python and a quokka come into view.
Ijyb is wielding a +0 dagger, wearing a +3 leather armour of cold resistance and carrying a wand of flame (23).
Ijyb shouts!
Ijyb screams, "It's all mine!"
Ijyb zaps a wand.
The puff of flame hits you!
The magic dart hits the ball python.
You kill the ball python!
The quokka twitches its whiskers.
Ijyb zaps a wand.
The puff of flame hits you!
* * * LOW HITPOINT WARNING * * *
Something unseen breaks down the door.
There is a stone staircase leading up here.
You are too injured to fight recklessly!
Casting: Magic Dart (safe; 2% risk of failure)
Confirm with . or Enter, or press ? or * to list all spells.
Aiming: Magic Dart (safe; 2% risk of failure)
Press: ? - help, Shift-Dir - straight line, f - quokka
Aim: a quokka (100% to hit)
The magic dart hits the quokka but does no damage.
Casting: Magic Dart (safe; 2% risk of failure)
Confirm with . or Enter, or press ? or * to list all spells.
Aiming: Magic Dart (safe; 2% risk of failure)
Press: ? - help, Shift-Dir - straight line, f/p - quokka
Aim: a quokka (100% to hit)
The magic dart hits the quokka.
You kill the quokka!
Ijyb zaps a wand.
The puff of flame hits you.
* * * LOW HITPOINT WARNING * * *
Ijyb zaps a wand.
The puff of flame hits you!
You die...

Skill      XL: |  1  2  3 |
---------------+----------+-----
Spellcasting   | 3 |  3.2
Stealth        | 3 |  3.1
Dodging        | |  2.4
Conjurations   | |  4.2
Poison Magic   | |  0.4

Action                   |  1- 3 |  4- 6 || total
-------------------------+-------+-------++-------
Melee: Unarmed           |    12 |       ||    12
       Constrict         |     3 |       ||     3
       Tentacles         |     3 |       ||     3
       Punch             |     1 |       ||     1
 Cast: Magic Dart        |    79 |     5 ||    84
       Searing Ray       |     7 |       ||     7
Dodge: Dodged            |    14 |     1 ||    15

Levels and vault maps discovered:
D:1:      wander_arrival_peaceful_grave, layout_basic
D:2:      layout_rooms, basic_altar, grunt_decor_mini_mirrors,
          lightli_corner_chamber
D:3:      layout_basic, amcnicky_mini_corridor_feature,
          chequers_decorated_corner, uniq_grinder, uniq_ijyb

Notes
Turn   | Place    | Note
-------+----------+-------------------------------------------
     0 | D:1      | kingofthe the Octopode Conjurer began the quest for the
                  | Orb.
     0 | D:1      | Reached XP level 1. HP: 11/11 MP: 3/3
    81 | D:1      | Reached XP level 2. HP: 6/17 MP: 1/5
   572 | D:1      | Reached skill level 3 in Spellcasting
   884 | D:1      | Reached XP level 3. HP: 19/21 MP: 1/7
   887 | D:1      | Learned a level 2 spell: Searing Ray
  1347 | D:2      | Found a shimmering altar of Xom.
  1891 | D:2      | Reached skill level 3 in Stealth
  2218 | D:2      | Learned a level 3 spell: Mephitic Cloud
  2419 | D:3      | Reached XP level 4. HP: 17/27 MP: 8/8
  2573 | D:3      | Noticed Grinder
  2627 | D:3      | Noticed Ijyb
  2637 | D:3      | HP: 1/27 [Ijyb/puff of flame (6)]
  2638 | D:3      | Killed from afar by Ijyb

Vanquished Creatures
  An adder (D:3)
  2 worms (D:2)
  3 ball pythons
  6 endoplasms
  3 giant cockroaches
  5 goblins (D:1)
  3 hobgoblins
  2 jackals (D:1)
  2 quokkas
  5 bats
  6 kobolds
  2 rats
40 creatures vanquished.

Table legend: (Time is in decaauts)
 A = Elapsed time spent in this place.
 B = Non-inter-level travel time spent in this place.
 C = Inter-level travel time spent in this place.
 D = Time resting spent in this place.
 E = Time spent auto-exploring this place.
 F = Levels seen in this place.
 G = Mean time per level.
                   A        B        C        D        E       F      G
               +--------+--------+--------+--------+--------+-----+--------+
         Total |   2639 |   2599 |     40 |    509 |   1793 |   3 |  879.7 |
       Dungeon |   2639 |   2599 |     40 |    509 |   1793 |   3 |  879.7 |
               +--------+--------+--------+--------+--------+-----+--------+

Top non-repeatable levels by time:
     D:1: 1483 daAuts
     D:2: 920 daAuts
     D:3: 235 daAuts

Table legend:
 A = Non-vault XP
 B = Vault XP
 C = Vault XP percentage of total XP
 D = Non-vault monster count
 E = Vault monster count
 F = Vault count percentage of total count
                 A         B        C        D         E       F
            +---------+---------+-------+---------+---------+-------
      Total |      86 |       0 |   0.0 |      40 |       0 |   0.0
            +---------+---------+-------+---------+---------+-------
        D:1 |      40 |       0 |   0.0 |      23 |       0 |   0.0
        D:2 |      28 |       0 |   0.0 |      12 |       0 |   0.0
        D:3 |      18 |       0 |   0.0 |       5 |       0 |   0.0
            +---------+---------+-------+---------+---------+-------
